Map: Dusk Towers

Players

clickrush

  • Race: Protoss Protoss

Seppe - Winner!

  • Race: Terran Terran
  • League: Platinum

VOD

Have the link to the VOD?

Description

Time

  • Played on: Nov. 18, 2015, 4:58 p.m.
  • Length: 20:24
Show
View Real Time Build Order
Export as new Build Order

clickrush Protoss 

Build Orders:  

Get SALT Encoding   

  12  0:01  Probe (Chrono Boost)  
  13  0:11  Probe (Chrono Boost)  
  14  0:17  Pylon  
  14  0:22  Probe (Chrono Boost)  
  15  0:28  Assimilator  
  15  0:36  Probe (Chrono Boost)  
  16  0:43  Gateway  
  16  0:46  Probe (Chrono Boost)  
  18  0:57  Probe (Chrono Boost)  
  18  1:02  Pylon  
  18  1:07  Probe (Chrono Boost)  
  19  1:18  Probe (Chrono Boost)  
  20  1:28  Probe (Chrono Boost)  
  20  1:30  Cybernetics Core  
  21  1:39  Probe (Chrono Boost)  
  22  1:49  Probe (Chrono Boost)  
  23  1:55  Nexus  
  24  2:07  Mothership Core (Chrono Boost)  
  24  2:08  Warp Gate  
  25  2:09  Adept  
  27  2:25  Probe (Chrono Boost)  
  28  2:36  Probe (Chrono Boost), Assimilator  
  28  2:50  Probe (Chrono Boost)  
  29  2:53  Stalker  
  31  2:58  Robotics Facility  
  31  3:08  Probe (Chrono Boost)  
  31  3:10  Probe (Chrono Boost)  
  33  3:15  Gateway  
  33  3:17  Gateway  
  33  3:23  Probe (Chrono Boost)  
  33  3:24  Stalker  
  36  3:29  Probe (Chrono Boost)  
  37  3:38  Probe (Chrono Boost)  
  38  3:47  Observer  
  39  3:52  Probe x2 (Chrono Boost)  
  39  3:54  Pylon  
  41  3:57  Pylon  
  41  4:08  Observer  
  42  4:12  Gateway  
  42  4:16  Stalker x2  
  46  4:18  Adept  
  48  4:24  Probe x2 (Chrono Boost)  
  50  4:35  Probe x2 (Chrono Boost)  
  50  4:38  Assimilator  
  52  4:40  Immortal  
  52  4:42  Assimilator  
  56  4:47  Probe (Chrono Boost)  
  56  4:48  Probe (Chrono Boost)  
  56  4:50  Adept x2  
  62  5:09  Pylon  
  62  5:11  Nexus  
  62  5:17  Pylon  
  62  5:25  Forge  
  62  5:27  Probe x2 (Chrono Boost)  
  64  5:33  Twilight Council  
  64  5:38  Probe x2 (Chrono Boost)  
  64  5:39  Pylon  
  68  5:50  Probe x2 (Chrono Boost)  
  68  5:52  Stalker  
  68  5:53  Stalker x3  
  76  5:58  Protoss Ground Weapons Level 1 (Chrono Boost)  
  76  6:05  Probe x2 (Chrono Boost)  
  76  6:10  Resonating Glaives  
  78  6:13  Immortal  
  82  6:21  Probe x2 (Chrono Boost)  
  82  6:24  Probe (Chrono Boost)  
  85  6:33  Photon Cannon  
  85  6:34  Photon Cannon  
  85  6:39  Pylon  
  85  6:42  Pylon, Photon Cannon  
  85  6:44  Templar Archives  
  85  6:54  Probe x2 (Chrono Boost)  
  85  6:55  Probe (Chrono Boost)  
  85  6:59  Immortal  
  92  7:05  Adept x2  
  92  7:06  Adept x2  
  100  7:09  Psionic Storm  
  100  7:15  Pylon  
  100  7:17  Pylon  
  100  7:27  High Templar x2  
  104  7:35  Pylon  
  104  7:37  Pylon  
  104  7:38  Assimilator  
  104  7:39  Pylon  
  104  7:41  High Templar  
  104  7:42  Adept, Assimilator  
  108  7:50  Protoss Ground Armor Level 1 (Chrono Boost)  
  108  8:00  Gateway  
  108  8:02  Gateway  
  107  8:07  Gateway, Probe  
  107  8:08  Probe x2  
  110  8:19  Adept x2  
  114  8:20  High Templar x2  
  114  8:26  Immortal  
  122  8:32  Probe  
  122  8:33  Probe x2  
  125  8:39  Charge  
  125  8:51  Stalker x2  
  129  9:10  Pylon  
  129  9:11  Pylon  
  129  9:16  Pylon  
  129  9:18  Nexus  
  129  9:26  Photon Cannon  
  129  9:29  Photon Cannon  
  129  9:31  Photon Cannon  
  129  9:32  Photon Cannon  
  129  9:35  Photon Cannon  
  129  9:36  Photon Cannon  
  129  9:37  Stalker  
  131  9:39  Zealot x2  
  131  9:40  Zealot x2  
  135  9:55  Zealot x2  
  135  9:57  Immortal  
  143  10:02  Dark Shrine  
  143  10:04  Photon Cannon  
  143  10:07  Photon Cannon  
  143  10:09  Photon Cannon  
  143  10:15  Photon Cannon  
  143  10:16  High Templar x2  
  143  10:17  High Templar  
  149  10:26  Probe  
  149  10:27  Probe x2  
  152  10:36  Immortal  
  152  10:39  Probe  
  157  10:45  Photon Cannon  
  157  10:47  Photon Cannon  
  157  10:49  Zealot x4  
  165  10:51  Photon Cannon  
  163  11:00  Adept x3  
  153  11:22  Zealot x3  
  153  11:23  Stalker x3  
  153  11:24  Stalker  
  167  11:39  Immortal  
  168  11:48  Dark Templar  
  168  11:49  Dark Templar x2  
  168  11:50  Dark Templar x4  
  182  12:18  Immortal  
  184  12:32  Stargate  
  184  12:34  Stargate  
  180  12:51  Zealot  
  180  12:52  Zealot x4  
  190  13:03  Assimilator  
  190  13:08  Assimilator  
  190  13:30  Protoss Ground Weapons Level 2 (Chrono Boost)  
  190  13:32  Protoss Air Weapons Level 1 (Chrono Boost)  
  190  13:35  Void Ray  
  194  13:42  Fleet Beacon  
  194  14:02  Void Ray  
  196  14:17  Pylon  
  190  14:18  Pylon  
  190  14:19  Pylon  
  188  14:31  Zealot x3  
  182  14:32  Zealot  
  176  14:58  Carrier x2  
  185  15:16  Protoss Ground Armor Level 2  
  185  15:22  Protoss Air Armor Level 1 (Chrono Boost)  
  185  15:30  Gateway  
  185  15:32  Gateway  
  185  15:34  Gateway  
  185  15:37  Dark Templar  
  185  15:41  Nexus  
  187  15:43  Pylon  
  187  15:46  Pylon  
  187  15:48  Pylon  
  187  15:52  Pylon  
  187  15:57  Dark Templar  
  189  16:26  Carrier  
  195  16:32  Graviton Catapult (Chrono Boost)  
  195  16:47  Photon Cannon  
  195  16:49  Photon Cannon  
  195  16:51  Photon Cannon  
  193  16:54  Photon Cannon  
  193  16:57  Photon Cannon  
  193  17:24  Anion Pulse-Crystals (Chrono Boost)  
  193  17:26  Zealot x3  
  199  17:32  Protoss Shields Level 1, Pylon  
  199  17:34  Pylon  
  199  17:38  Carrier  
  183  17:51  Stalker  
  183  17:52  Stalker x3, Carrier  
  183  17:53  High Templar  
  197  18:08  Assimilator  
  197  18:12  Assimilator  
  197  18:39  Nexus  
  197  18:41  Pylon  
  195  18:43  Pylon  
  195  18:46  Pylon  
  160  18:56  Zealot x6  
  158  19:08  Zealot x2  
  158  19:09  Zealot  
  100  19:33  Stalker x3  
  106  19:44  Dark Templar x2  
  96  20:00  Stalker x2  
  92  20:09  Probe  
  92  20:10  Probe  
Show
View Real Time Build Order
Export as new Build Order

Seppe Terran - Winner!

Build Orders: Liberator Opening, Reaper Expand, Mech 

Get SALT Encoding   

  12  0:00  SCV  
  13  0:13  SCV  
  14  0:18  Supply Depot  
  14  0:25  SCV  
  15  0:29  Refinery  
  15  0:40  SCV  
  16  0:47  Barracks  
  16  0:52  SCV  
  18  1:04  SCV  
  18  1:12  Supply Depot  
  18  1:16  SCV  
  19  1:34  Orbital Command  
  19  1:35  Reaper  
  20  1:43  Refinery  
  20  2:04  Command Center  
  20  2:07  Reaper  
  20  2:08  SCV  
  22  2:20  SCV  
  23  2:24  Factory  
  23  2:32  SCV  
  24  2:39  Marine  
  25  2:48  SCV  
  26  3:03  SCV  
  27  3:07  Barracks Reactor  
  27  3:08  Starport  
  27  3:15  Supply Depot  
  27  3:16  Widow Mine  
  27  3:18  SCV, Orbital Command  
  30  3:30  Liberator  
  30  3:31  SCV  
  30  3:32  Refinery  
  31  3:39  Supply Depot, Refinery  
  34  3:52  SCV x2  
  34  3:53  Barracks Reactor  
  36  4:02  Hellion  
  38  4:04  SCV x2  
  38  4:06  Hellion  
  42  4:16  SCV x2  
  43  4:33  SCV x2  
  43  4:35  Starport Tech Lab  
  43  4:36  Marine x2  
  43  4:37  Hellion x2  
  50  4:45  SCV x2, Engineering Bay  
  52  4:56  Bunker  
  52  4:57  SCV x2  
  52  4:58  Marine x2  
  56  5:01  Factory  
  58  5:07  Hellion x2  
  58  5:09  SCV x2  
  58  5:11  Supply Depot  
  62  5:14  Banshee  
  62  5:17  Supply Depot  
  66  5:21  SCV x2  
  66  5:24  Armory  
  66  5:27  Marine  
  66  5:28  Marine  
  69  5:32  Widow Mine x2  
  69  5:33  SCV x2  
  75  5:48  SCV x2  
  77  5:54  Supply Depot, Sensor Tower  
  77  5:55  Supply Depot, Marine x2  
  79  5:57  Factory Tech Lab  
  79  6:00  Factory  
  79  6:03  Banshee  
  82  6:05  Hellion  
  82  6:06  SCV x2  
  86  6:19  Missile Turret  
  86  6:20  Marine x2  
  86  6:22  SCV x2  
  86  6:24  Supply Depot  
  86  6:25  Supply Depot  
  90  6:39  Sensor Tower  
  88  6:50  SCV x2  
  90  6:57  Command Center  
  90  7:03  Siege Tank  
  90  7:04  Hellion x2, Marine  
  90  7:05  Marine  
  90  7:07  Starport Reactor  
  99  7:13  Missile Turret  
  99  7:19  Armory  
  99  7:20  Supply Depot  
  99  7:21  Terran Vehicle And Ship Armor Level 1  
  99  7:26  Sensor Tower  
  99  7:27  Factory Reactor  
  99  7:31  Hellion x2, Marine  
  104  7:47  Missile Turret  
  104  7:54  Missile Turret  
  104  8:00  Supply Depot, Missile Turret  
  104  8:01  Sensor Tower, Marine x2  
  104  8:02  Siege Tank  
  104  8:04  Hellion, Hellbat  
  113  8:06  Medivac x2  
  113  8:11  Orbital Command  
  117  8:13  SCV  
  117  8:14  SCV  
  117  8:18  Marine  
  117  8:19  Marine  
  121  8:22  Hellion  
  123  8:29  Infernal Pre-Igniter  
  123  8:33  Terran Vehicle Weapons Level 1  
  123  8:34  Siege Tank  
  123  8:36  Medivac x2  
  123  8:37  Supply Depot  
  130  8:46  Starport  
  130  8:48  Refinery  
  130  9:01  Liberator x2  
  130  9:02  Supply Depot  
  130  9:06  Missile Turret  
  130  9:07  SCV x2  
  130  9:09  Missile Turret  
  132  9:12  Marine x2  
  132  9:13  Siege Tank  
  132  9:15  Hellion  
  145  9:33  SCV x3  
  145  9:37  Supply Depot  
  148  9:41  Supply Depot x2  
  148  9:43  Liberator x2  
  146  9:50  SCV x2  
  146  9:52  Starport Tech Lab  
  148  9:57  Siege Tank  
  148  9:59  Hellion  
  155  10:00  Hellion, Widow Mine x2  
  155  10:02  Sensor Tower, Marine  
  166  10:11  SCV x3  
  166  10:14  Refinery  
  169  10:21  Supply Depot  
  169  10:22  Supply Depot  
  169  10:23  SCV  
  170  10:28  Factory  
  170  10:29  Marine x2  
  170  10:33  Siege Tank  
  170  10:34  Widow Mine x2  
  170  10:35  Widow Mine  
  180  10:59  SCV x3  
  180  11:00  Marine x2  
  180  11:03  Hellion  
  180  11:04  Hellbat x3  
  190  11:05  Siege Tank  
  190  11:06  Banshee  
  188  11:24  Hellion  
  190  11:37  SCV, Siege Tank  
  190  11:38  SCV  
  192  11:45  Marine x2  
  194  11:48  Hellion, Hellbat x2  
  194  11:50  Command Center  
  200  11:58  Factory Tech Lab  
  200  12:03  Factory  
  200  12:04  Drilling Claws  
  200  12:11  Command Center  
  195  12:32  Raven  
  195  12:34  Viking x2  
  200  13:04  Terran Vehicle And Ship Armor Level 2  
  200  13:06  Terran Vehicle Weapons Level 2  
  200  13:08  Terran Infantry Weapons Level 1  
  200  13:10  Factory Reactor  
  200  13:13  Starport  
  200  13:56  Planetary Fortress  
  199  14:26  Marine x2  
  189  14:57  Sensor Tower  
  189  14:58  Medivac x2  
  193  15:00  Thor  
  192  15:20  Terran Ship Weapons Level 1  
  192  15:32  Planetary Fortress  
  192  15:33  SCV  
  192  15:34  Terran Vehicle Weapons Level 3  
  193  15:40  Thor  
  199  15:57  Missile Turret  
  199  16:13  Command Center  
  197  16:29  Missile Turret  
  197  16:53  Hellion x6  
  197  17:00  Mag-Field Accelerator  
  197  17:04  Terran Infantry Armor Level 1  
  197  17:06  Starport Reactor  
  197  17:14  Terran Vehicle And Ship Armor Level 3  
  194  18:09  Sensor Tower  
  193  18:33  Refinery  
  193  18:38  Refinery  
  189  18:59  Banshee  
  166  19:30  Marine x2  
  160  19:32  Thor x2  
  160  19:33  Hellbat  
  160  19:34  Hellbat x4  
  160  19:35  Hellbat  
  187  19:48  Marine x2  
  189  19:55  Hellbat x3  
  189  19:56  Hellbat x3  
  193  20:06  Marine x2  
  186  20:08  Command Center  
  186  20:10  Command Center  
  186  20:12  Command Center  
  181  20:15  Command Center  
  181  20:16  Command Center  
  196  20:22  Command Center  
Tags
 
Add a new tag
Caveats
  • Supply blocks, unpowered buildings, or Contaminate may cause inaccurate times.
  • Supply counts are checked every 10 seconds.